 Dungeon Crawl Stone Soup version 0.27-a0-597-g524d869a0f (webtiles) character file.

Game seed: 13387622533372163342

7898 sanka the Nimble (level 11, -6/83 HPs)
             Began as a Vampire Transmuter on Mar 11, 2021.
             Was an Initiate of Okawaru.
             Mangled by a thrashing horror (23 damage)
             ... on level 10 of the Dungeon.
             The game lasted 00:25:33 (11505 turns).

sanka the Nimble (Vampire Transmuter)              Turns: 11505, Time: 00:25:34

Health: -6/83      AC:  2    Str:  8 (9)  XL:     11   Next: 2%
Magic:  10/14      EV: 31    Int: 13 (15) God:    Okawaru [......]
Gold:   214        SH:  0    Dex: 22 (24) Spells: 8/14 levels left

rFire    . . .     SeeInvis +     - Unarmed
rCold    . . .     Faith    +   (shield currently unavailable)
rNeg     . . .     Spirit   .   (armour currently unavailable)
rPois    x         Reflect  .   (helmet currently unavailable)
rElec    .         Harm     .   (cloak currently unavailable)
rCorr    +         Rampage  .   (gloves currently unavailable)
Will     ++...                  (boots currently unavailable)
Stlth    ++........             D - amulet of faith
HPRegen  0.43/turn              s - ring of resist corrosion
MPRegen  0.14/turn              e - ring of willpower

@: spider-form, regenerating quickly
A: tiny, see invisible, vampiric 2
a: Exsanguinate, End Transformation, Renounce Religion


You were on level 10 of the Dungeon.
You worshipped Okawaru.
Okawaru was noncommittal.
You were a venomous arachnid creature.
You visited 2 branches of the dungeon, and saw 11 of its levels.
You visited the Abyss 1 time.

You collected 524 gold pieces.
You spent 310 gold pieces at shops.


Innate Abilities, Weirdness & Mutations

Your natural rate of healing is unusually fast.
((You have razor-sharp teeth.))
You have supernaturally acute eyesight. (SInv)
((You can survive without breathing.))
You are afflicted with vampirism and can become a bat while bloodless.


   Skills:
 + Level 6.4 Fighting
 * Level 11.0 Dodging
 - Level 10.0 Unarmed Combat
 - Level 2.0 Spellcasting
 - Level 8.0 Transmutations
 - Level 4.0 Poison Magic


You had 8 spell levels left.
You knew the following spells:

 Your Spells              Type           Power      Damage    Failure   Level
x - Beastly Appendage     Tmut           44%        N/A       4%          1
y - Wereblood             Tmut           22%        N/A       6%          2
z - Spider Form           Tmut/Pois      8%         N/A       17%         3

Your spell library contained the following spells:

 Spells                   Type           Power      Damage    Failure   Level
 Magic Dart               Conj           4%         1d3       47%         1
 Blade Hands              Tmut           11%        N/A       47%         5
 Blink                    Tloc           N/A        N/A       58%         2
 Call Imp                 Summ           1%         N/A       58%         2
 Slow                     Hex            1%         N/A       58%         2
 Mephitic Cloud           Conj/Pois/Air  4%         N/A       63%         3
 Ice Form                 Ice/Tmut       11%        N/A       65%         4
 Conjure Flame            Conj/Fire      1%         6-21      78%         3
 Chain Lightning          Conj/Air       0%         N/A       100%        8
 Lehudib's Crystal Spear  Conj/Erth      0%         10d2      100%        8
 Absolute Zero            Ice            0%         ∞         100%        9
 Fire Storm               Conj/Fire      0%         6d1       100%        9

Inventory:

Missiles
 F - 5 curare-tipped darts {=f}
Armour
 a - a +0 robe (melded)
 k - a +0 pair of gloves (melded)
 r - a +0 cloak (melded)
 x - a +0 pair of boots (melded)
Jewellery
 e - a ring of willpower (left front leg)
 s - a ring of resist corrosion (right front leg)
 D - an amulet of faith (around neck)
 G - an amulet of the acrobat
Wands
 u - a wand of paralysis (8)
 z - a wand of charming (9)
Scrolls
 f - 3 scrolls of enchant weapon
 h - 4 scrolls of magic mapping
 m - 3 scrolls of blinking
 o - 2 scrolls of fog
 q - 4 scrolls of teleportation {@r4}
 v - 2 scrolls of fear
 y - a scroll of enchant armour
 A - a scroll of random uselessness
 B - 2 scrolls of immolation {!r}
Potions
 c - 3 potions of heal wounds {@q2}
 d - 3 potions of lignification
 g - a potion of brilliance {unknown}
 i - a potion of cancellation {unknown}
 j - 6 potions of curing {@q1}
 l - a potion of degeneration {unknown}
 p - 2 potions of flight
 t - 2 potions of invisibility {unknown}
 w - a potion of mutation {unknown}
 C - a potion of haste {@q3}
 E - 2 potions of magic {unknown}
 H - a potion of attraction {unknown}

Dungeon Overview and Level Annotations

Branches:
Dungeon (10/15)            Temple (1/1) D:7            Lair (0/6) D:9
    Orc: D:9-12

Altars:
Ashenzari
Cheibriados
Dithmenos
Elyvilon
Fedhas
Gozag
Hepliaklqana
Kikubaaqudgha
Makhleb
Nemelex Xobeh
Okawaru
Qazlal
Ru
Sif Muna
Trog
Uskayaw
Vehumet
Wu Jian
Xom
Yredelemnul
Zin
The Shining One

Shops:
D:6 !   D:7 !

Portals:
Trove: D:10 (give 17 potions of curing)

........▒..........▒▒.▒.▒.▒▒▒▒
........▒▒.........▒▒...▒..▒..
...................▒▒.........
...................▒▒▒........
.......>.>.....<...▒▒▒▒.......
......................▒.......
.▒▒..........................
▒.........)...▒▒▒...........
▒..........Xs...▒▒...........
...▒..=.........▒▒............
......▒.▒......|▒.............
......▒▒......(.......▒▒▒....▒
.....▒▒............... ......▒
.....▒............... .......
................. .....▒
▒................ .. .


You could see a thrashing horror (strong).


Message History

The thrashing horror completely misses you.
The thrashing horror closely misses you.
You hit the thrashing horror but do no damage.
The thrashing horror is severely damaged.
The thrashing horror tramples you!
* * * LOW HITPOINT WARNING * * *
You stumble backwards!
The thrashing horror roars!
The thrashing horror tramples you!
* * * LOW HITPOINT WARNING * * *
You stumble backwards!
Okay, then.
You hit the thrashing horror but do no damage.
The thrashing horror is severely damaged.
Your transformation has ended.
The thrashing horror churns violently!
The thrashing horror seems to grow stronger.
The thrashing horror barely misses you.
The thrashing horror completely misses you.
You turn into a venomous arachnid creature.
The thrashing horror misses you. The thrashing horror tramples you!
* * * LOW HITPOINT WARNING * * *
You stumble backwards!
Unknown command.
Unknown command.
You bite the thrashing horror!
The thrashing horror is almost destroyed.
The thrashing horror tramples you!!
You die...

Action                   |  1- 3 |  4- 6 |  7- 9 | 10-12 || total
-------------------------+-------+-------+-------+-------++-------
Melee: Unarmed           |   133 |   124 |   324 |   288 ||   869
       Kick              |    20 |    15 |       |       ||    35
       Headbutt          |    14 |     7 |       |       ||    21
       Bite              |     7 |     9 |     2 |     1 ||    19
       Punch             |     2 |       |       |     1 ||     3
 Cast: Beastly Appendage |    32 |    10 |       |       ||    42
       Wereblood         |     4 |     6 |    13 |     6 ||    29
       Spider Form       |       |    14 |    40 |    37 ||    91
 Abil: Bat Form          |       |       |       |     1 ||     1
       Exsanguinate      |       |       |       |     1 ||     1
       Revivify          |       |       |       |     1 ||     1
Evoke: Wand              |       |       |     3 |     2 ||     5
  Use: Potion            |       |       |     1 |     2 ||     3
       Scroll            |       |       |       |    11 ||    11
 Stab: Sleeping          |     4 |       |     2 |     1 ||     7
       Paralysed         |       |       |     2 |       ||     2
Armor: Robe              |    23 |    11 |     2 |     2 ||    38
       Skin              |       |     2 |     7 |     7 ||    16
Dodge: Dodged            |    64 |    62 |   267 |   303 ||   696
Block: Other             |    12 |    19 |    71 |     6 ||   108
       Reflection        |       |       |     2 |     1 ||     3

Levels and vault maps discovered:
D:1:      dpeg_arrival_court, layout_loops_cross
D:2:      layout_basic, serial_curves, eino_curves_03, eino_curves_04
D:3:      layout_loops_ring, lemuel_coloured_pillars_altar, lemuel_round_altar,
          chequers_ecumenical_altar_grove, grunt_ministairs_6, uniq_jessica
D:4:      layout_layer_cave, nemelex_xobeh_ov_fountains_minmay
D:5:      layout_layer_cave, kennysheep_mini, basic_altar
D:6:      layout_loops_corners, serial_shops, shop, kennysheep_generic_room_5,
          uniq_edmund, uniq_grinder, uniq_prince_ribbit1, uniq_pikel
D:7:      kennysheep_orc_sif_temple, layout_rooms, lemuel_doored_altar,
          kennysheep_little_box, minmay_temple_entry_slanted, serial_shops,
          shop, zaba_anthole, uniq_menkaure, uniq_joseph
D:8:      layout_basic
D:9:      layout_rooms, overflow_temple_1_default,
          gammafunk_temple_overflow_elements, due_lair_maze_entry_diamond
D:10:     layout_cave_pools, serial_gnoll_camp, gnoll_camp_mini_house,
          gnoll_camp_huts_moat, gnoll_camp_mini_hut, gnoll_camp_mini_hut,
          gnoll_camp_mini_house, gnoll_camp_mini_doghouse,
          nicolae_trove_entry_isolated, uniq_psyche, uniq_erolcha
Temple:   nicolae_temple_great_sept

Notes
Turn   | Place    | Note
-------+----------+-------------------------------------------
     0 | D:1      | sanka the Vampire Transmuter began the quest for the Orb.
     0 | D:1      | Reached XP level 1. HP: 14/14 MP: 3/3
    22 | D:1      | Reached skill level 1 in Fighting
   299 | D:1      | Reached XP level 2. HP: 21/21 MP: 3/5
   352 | D:1      | Reached skill level 4 in Unarmed Combat
   484 | D:1      | Learned a level 2 spell: Wereblood
  1128 | D:2      | Reached skill level 3 in Transmutations
  1355 | D:2      | Gained mutation: You are afflicted with vampirism and can
                  | become a bat while bloodless. [Vampire growth]
  1355 | D:2      | Reached XP level 3. HP: 22/26 MP: 4/6
  1372 | D:2      | Learned a level 3 spell: Spider Form
  1887 | D:3      | Found a faded altar of an unknown god.
  1918 | D:3      | Reached skill level 1 in Poison Magic
  2078 | D:3      | Reached XP level 4. HP: 28/32 MP: 5/7
  2168 | D:3      | Noticed Jessica
  2177 | D:3      | Killed Jessica
  2178 | D:3      | Reached skill level 4 in Transmutations
  2463 | D:3      | Found a basalt altar of Yredelemnul.
  2548 | D:3      | Found a hazy altar of Hepliaklqana.
  2759 | D:4      | Noticed a bullfrog
  2763 | D:4      | Killed a bullfrog
  2764 | D:4      | Reached skill level 2 in Poison Magic
  2764 | D:4      | Reached XP level 5. HP: 37/37 MP: 4/8
  2827 | D:4      | Found a sparkling altar of Nemelex Xobeh.
  2933 | D:4      | Reached skill level 5 in Transmutations
  3135 | D:4      | Reached skill level 3 in Poison Magic
  3140 | D:4      | Reached XP level 6. HP: 43/43 MP: 4/9
  3464 | D:5      | Entered Level 5 of the Dungeon
  4027 | D:5      | Found a shimmering blue altar of Sif Muna.
  4248 | D:5      | Found a burning altar of Makhleb.
  4312 | D:5      | Reached skill level 6 in Transmutations
  4462 | D:5      | Noticed an ice beast
  4501 | D:5      | Reached skill level 4 in Poison Magic
  4501 | D:5      | Reached XP level 7. HP: 44/48 MP: 7/10
  4766 | D:6      | Reached skill level 7 in Transmutations
  4844 | D:6      | Noticed Edmund
  4876 | D:6      | Killed Edmund
  5043 | D:6      | Reached skill level 8 in Transmutations
  5149 | D:6      | Noticed Prince Ribbit
  5161 | D:6      | Killed Prince Ribbit
  5162 | D:6      | Reached skill level 5 in Unarmed Combat
  5162 | D:6      | Reached XP level 8. HP: 22/54 MP: 7/11
  5282 | D:6      | Reached skill level 6 in Unarmed Combat
  5533 | D:6      | Reached skill level 7 in Unarmed Combat
  5539 | D:6      | HP: 4/51 [wight/+2 spear of freezing (4)]
  5539 | D:6      | HP: 1/50 [wight/+2 spear of freezing (1)]
  5828 | D:6      | Noticed Pikel
  5908 | D:6      | Killed Pikel
  5909 | D:6      | Reached skill level 9 in Unarmed Combat
  6109 | D:6      | Reached XP level 9. HP: 20/57 MP: 5/12
  6409 | D:6      | Noticed Grinder
  6419 | D:6      | Killed Grinder
  6420 | D:6      | Reached skill level 10 in Unarmed Combat
  6507 | D:6      | Reached skill level 3 in Dodging
  6734 | D:6      | Found Qeof's Distillery.
  6740 | D:6      | Bought a potion of heal wounds for 70 gold pieces
  6878 | D:6      | Bought a potion of heal wounds for 70 gold pieces
  6878 | D:6      | Bought a potion of heal wounds for 70 gold pieces
  7055 | D:5      | Reached skill level 2 in Fighting
  7055 | D:5      | Reached skill level 4 in Dodging
  7295 | D:7      | Noticed Joseph
  7305 | D:7      | Killed Joseph
  7306 | D:7      | Reached skill level 5 in Dodging
  7317 | D:7      | HP: 6/62 [bullfrog zombie (4)]
  7318 | D:7      | Reached skill level 3 in Fighting
  7488 | D:7      | Found Abupijaz's Distillery.
  7530 | D:7      | Found a staircase to the Ecumenical Temple.
  7542 | Temple   | Entered the Ecumenical Temple
  7658 | D:7      | Reached skill level 6 in Dodging
  8000 | D:7      | Reached skill level 7 in Dodging
  8034 | D:7      | Found a shimmering blue altar of Sif Muna.
  8045 | D:7      | Reached skill level 4 in Fighting
  8199 | D:7      | Noticed Menkaure
  8284 | D:7      | Killed Menkaure
  8406 | D:7      | Reached XP level 10. HP: 72/72 MP: 7/13
  8592 | D:7      | Found a snail-covered altar of Cheibriados.
  8904 | D:7      | Found a sparkling altar of Nemelex Xobeh.
  8997 | D:7      | Bought a potion of haste for 100 gold pieces
  9250 | D:8      | Reached skill level 8 in Dodging
 10031 | D:9      | Reached skill level 5 in Fighting
 10112 | D:9      | Reached skill level 9 in Dodging
 10268 | D:9      | Reached skill level 10 in Dodging
 10286 | D:9      | Found a staircase to the Lair.
 10650 | D:9      | Found a radiant altar of Vehumet.
 10650 | D:9      | Found a blossoming altar of Fedhas.
 10678 | D:9      | Found an iron altar of Okawaru.
 10686 | D:9      | Became a worshipper of Warmaster Okawaru
 10772 | D:9      | Reached skill level 6 in Fighting
 11047 | D:10     | Entered Level 10 of the Dungeon
 11106 | D:10     | Found a portal to a secret trove of treasure.
 11339 | D:10     | Noticed Erolcha
 11402 | D:10     | Cast into level 1 of the Abyss (Erolcha)
 11402 | Abyss:1  | Found a corrupted altar of Lugonu.
 11402 | Abyss:1  | Found an opulent altar of Gozag.
 11473 | Abyss:1  | Noticed a thrashing horror
 11486 | D:10     | Escaped the Abyss
 11493 | D:10     | Killed Erolcha
 11494 | D:10     | Reached skill level 11 in Dodging
 11494 | D:10     | Reached XP level 11. HP: 22/83 MP: 12/14
 11501 | D:10     | HP: 7/83 [thrashing horror (14)]
 11505 | D:10     | Mangled by a thrashing horror

Vanquished Creatures
  Erolcha (D:10)
  Pikel (D:6)
  Joseph (D:7)
  Grinder (D:6)
  A hornet (D:8)
  Prince Ribbit (D:6)
  A ynoxinul (Abyss:1)
  A wraith (D:10)
  4 yaks (D:9)
  Menkaure (D:7)
  4 water moccasins
  Edmund (D:6)
  3 orc warriors
  3 sky beasts
  2 ice beasts
  3 black bears (D:9)
  2 necrophages
  5 ogres
  3 lemures (D:6)
  2 phantoms (D:6)
  5 bullfrogs
  6 scorpions
  18 wights
  A howler monkey (D:7)
  A centaur zombie (D:7)
  2 bullfrog zombies
  2 hounds
  3 orc priests
  An iguana (D:9)
  5 jellies
  Jessica (D:3)
  9 orc wizards
  15 worker ants
  A worker ant zombie (D:8)
  A gnoll (D:10)
  6 adders
  3 shadow imps
  2 white imps
  3 ufetubi
  An adder zombie (D:5)
  3 worms
  4 leopard geckos
  30 orcs
  9 bats
  5 giant cockroaches
  9 goblins
  8 hobgoblins
  10 jackals
  2 quokkas
  3 ball pythons
  5 frilled lizards
  A giant cockroach zombie (D:5)
  A jackal zombie (D:5)
  7 kobolds
  8 rats
232 creatures vanquished.

Vanquished Creatures (others)
  40 fungi (D:9)
  31 plants (D:9)
71 creatures vanquished.

Grand Total: 303 creatures vanquished
